 Dungeon Crawl Stone Soup version 0.20.0-10-g0535bb4 (webtiles) character file.

3920 nikopol the Cleaver (level 10, -7/61 HPs)
             Began as a Gargoyle Fighter on June 4, 2017.
             Was an Elder of Okawaru.
             Killed by divine providence
             ... invoked by an orc priest
              (12 damage)
             ... on level 8 of the Dungeon.
             The game lasted 00:11:32 (7228 turns).

nikopol the Cleaver (Gargoyle Fighter)              Turns: 7228, Time: 00:11:33

Health: -7/61      AC: 17    Str: 21    XL:     10   Next: 20%
Magic:  10/10      EV:  9    Int: 10    God:    Okawaru [****..]
Gold:   327        SH: 10    Dex: 10    Spells: 9/9 levels left

rFire    . . .     SeeInvis .   a - +0 war axe
rCold    . . .     Gourm    .   c - +0 shield
rNeg     + . .     Faith    .   b - +0 scale mail
rPois    ∞         Spirit   .   (no helmet)
rElec    +         Reflect  .   (no cloak)
rCorr    .         Harm     .   (no gloves)
MR       .....                  l - +1 pair of boots
Stlth    ..........             (no amulet)
Regen    0.2/turn               (no ring)
MPRegen  0.2/turn               (no ring)

@: no status effects
A: negative energy resistance 1, electricity resistance, unbreathing,
petrification resistance, rot immunity, AC +7
a: Heroism, Renounce Religion


You were on level 8 of the Dungeon.
You worshipped Okawaru.
Okawaru was greatly pleased with you.
You were hungry.

You visited 2 branches of the dungeon, and saw 10 of its levels.

You collected 327 gold pieces.

Inventory:

Hand Weapons
 a - a +0 war axe (weapon)
 E - a +3 flail of crushing
Armour
 b - a +0 scale mail (worn)
 c - a +0 shield (worn)
 l - a +1 pair of boots (worn)
Jewellery
 t - a +6 amulet of reflection {unknown}
Wands
 A - a wand of random effects (23/48)
 F - a wand of lightning (5/15)
Scrolls
 g - a scroll of immolation {unknown}
 h - a scroll of remove curse {unknown}
 j - 3 scrolls of teleportation {unknown}
 k - a scroll of noise {unknown}
 n - 8 scrolls of identify {unknown}
 q - 3 scrolls of recharging {unknown}
 s - 2 scrolls of random uselessness {unknown}
 w - a scroll of enchant weapon {unknown}
 x - a scroll of acquirement {unknown}
 y - 2 scrolls of amnesia {unknown}
 C - 2 scrolls of enchant armour {unknown}
 G - a scroll of magic mapping {unknown}
 H - a scroll of fog {unknown}
Potions
 d - a potion of might
 e - 3 potions of heal wounds {unknown}
 i - 3 potions of brilliance {unknown}
 m - 2 potions of lignification {unknown}
 p - 2 potions of flight {unknown}
 u - 2 potions of agility {unknown}
 v - a potion of haste {unknown}
 B - a potion of curing {unknown}
Books
 z - a book of Cantrips

   Spells                             Type                      Level
   a - Confusing Touch                Hexes                        1
   b - Animate Skeleton               Necromancy                   1
   c - Summon Small Mammal            Summoning                    1
   d - Apportation                    Translocation                1
Comestibles
 f - 7 bread rations
 o - a royal jelly
 r - a fruit
 D - 5 meat rations


   Skills:
 + Level 6.7 Fighting
 + Level 9.2 Axes
 + Level 6.6 Armour
 + Level 3.0 Dodging
 + Level 1.0 Stealth
 + Level 7.4 Shields


You had 9 spell levels left.
You didn't know any spells.

Dungeon Overview and Level Annotations

Branches:
Dungeon (9/15)             Temple (1/1) D:5            Lair (0/6) D:8
    Orc: D:9-12

Altars:
Ashenzari
Dithmenos
Elyvilon
Fedhas
Gozag
Hepliaklqana
Kikubaaqudgha
Makhleb
Nemelex Xobeh
Okawaru
Qazlal
Ru
Vehumet
Xom
Yredelemnul
The Shining One

Shops:
D:4 }   D:5 %   D:6 ?

Annotations:
D:6 1 runed door


Innate Abilities, Weirdness & Mutations

You are resistant to torment.
Your stone body is resilient. (AC +7)
You are immune to poison.
You resist negative energy. (rN+)
You are resistant to electric shocks. (rElec)
You can survive without breathing.
You are immune to petrification.
You are immune to rotting.


Message History

You kill the warg!
Okawaru accepts your kill. The warg bites you but does no damage.
You hit the warg.
The warg is lightly wounded.
The warg closely misses you.
You barely miss the warg.
The warg is lightly wounded.
You block the warg's attack. x2
You hit the warg but do no damage.
The warg is lightly wounded.
The warg closely misses you.
You hit the warg but do no damage.
The warg is lightly wounded.
The warg bites you but does no damage.
You barely miss the warg.
The warg is lightly wounded.
The orc priest calls down the wrath of Beogh upon you.
Beogh smites you!
You die...

.# ...# #...#
#...#######
#.........#
######...#####.##
................####
................@ho#
................##.#
######...#####.###.##
#...........# #..#
#.#...#.##### ##o#
#.#...#.######
#.5...ho.
#.#..........#
#..o.o..>
#.#...#....#.#
##.o..o..
####.#...#......#
#......


You could see a warg and an orc priest.

Vanquished Creatures
  A two-headed ogre (D:8)
  Pikel (D:6)
  Sigmund (D:5)
  A warg (D:8)
  Edmund (D:6)
  An ice beast (D:6)
  An orc warrior (D:8)
  2 phantoms
  A sky beast (D:6)
  4 slaves (D:6)
  A centaur (D:6)
  Blork the orc (D:4)
  The ghost of melvinkitnick the Conjurer, an amateur DEWz (D:3)
  5 bullfrogs
  3 scorpions
  5 wights (D:7)
  A water moccasin skeleton (D:5)
  4 howler monkeys
  A centaur skeleton (D:7)
  A hound (D:6)
  5 orc priests
  2 iguanas
  6 orc wizards
  10 worker ants
  A howler monkey skeleton (D:4)
  6 adders
  2 shadow imps (D:5)
  2 oozes
  An adder zombie (D:6)
  2 worms
  6 leopard geckos
  37 orcs
  7 bats
  6 giant cockroaches
  4 goblins
  3 hobgoblins (D:1)
  7 jackals
  8 kobolds
  3 quokkas
  2 ball pythons
  6 frilled lizards
  A leopard gecko zombie (D:8)
  11 rats
175 creatures vanquished.

Vanquished Creatures (others)
  A plant (D:8)
1 creature vanquished.

Grand Total: 176 creatures vanquished

Notes
Turn   | Place    | Note
-------+----------+-------------------------------------------
     0 | D:1      | nikopol the Gargoyle Fighter began the quest for the Orb.
     0 | D:1      | Reached XP level 1. HP: 14/14 MP: 1/1
   213 | D:1      | Reached XP level 2. HP: 19/19 MP: 2/2
   566 | D:1      | Reached skill level 2 in Axes
   615 | D:1      | Reached XP level 3. HP: 23/23 MP: 3/3
  1501 | D:2      | Reached XP level 4. HP: 26/29 MP: 4/4
  1525 | D:3      | Found a burning altar of Makhleb.
  1605 | D:3      | Reached skill level 3 in Axes
  1605 | D:3      | Reached XP level 5. HP: 10/33 MP: 5/5
  1933 | D:3      | Noticed melvinkitnick's ghost (amateur DEWz)
  1962 | D:3      | Killed melvinkitnick's ghost
  1962 | D:3      | Reached skill level 1 in Dodging
  1995 | D:3      | Found a radiant altar of Vehumet.
  2430 | D:3      | Reached XP level 6. HP: 38/38 MP: 6/6
  2506 | D:4      | Found Tuacaira's Gadget Shop.
  2537 | D:3      | Reached skill level 4 in Axes
  2782 | D:4      | Noticed Blork the orc
  2902 | D:4      | Killed Blork the orc
  2902 | D:4      | Reached XP level 7. HP: 22/44 MP: 7/7
  3659 | D:4      | Reached skill level 1 in Stealth
  3828 | D:5      | Entered Level 5 of the Dungeon
  3887 | D:5      | Reached skill level 5 in Axes
  3952 | D:5      | Found a staircase to the Ecumenical Temple.
  3966 | Temple   | Entered the Ecumenical Temple
  4024 | Temple   | Became a worshipper of Warmaster Okawaru
  4078 | D:5      | Reached skill level 5 in Shields
  4442 | D:5      | Found Tonirope's Food Emporium.
  4505 | D:5      | Noticed Sigmund
  4521 | D:5      | Killed Sigmund
  4521 | D:5      | Reached skill level 5 in Armour
  4521 | D:5      | Reached XP level 8. HP: 31/48 MP: 8/8
  4985 | D:6      | Reached * piety under Okawaru
  5120 | D:6      | Reached skill level 5 in Fighting
  5120 | D:6      | Reached skill level 6 in Axes
  5384 | D:6      | Noticed Edmund
  5413 | D:6      | Killed Edmund
  5555 | D:6      | Reached skill level 7 in Axes
  5582 | D:6      | Reached ** piety under Okawaru
  5582 | D:6      | Reached XP level 9. HP: 40/54 MP: 9/9
  5585 | D:6      | Found a glowing golden altar of the Shining One.
  5585 | D:6      | Noticed an angel
  5591 | D:6      | Found a runed door.
  5602 | D:6      | Found Inischyn's Magic Scroll Shop.
  5602 | D:6      | Noticed Pikel
  5645 | D:6      | Killed Pikel
  6251 | D:6      | Found a blossoming altar of Fedhas.
  6341 | D:6      | Found a hazy altar of Hepliaklqana.
  6489 | D:7      | Reached skill level 8 in Axes
  6494 | D:7      | Reached *** piety under Okawaru
  6761 | D:8      | Noticed a two-headed ogre
  6824 | D:9      | Found a stormy altar of Qazlal.
  6824 | D:9      | Noticed a two-headed ogre
  6841 | D:8      | Killed a two-headed ogre
  6841 | D:8      | Reached **** piety under Okawaru
  6841 | D:8      | Reached skill level 9 in Axes
  6841 | D:8      | Reached XP level 10. HP: 36/61 MP: 10/10
  7169 | D:8      | Found a staircase to the Lair.
  7219 | D:8      | HP: 3/61 [warg (9)]
  7228 | D:8      | Killed from afar by an orc priest

Skill      XL: |  1  2  3  4  5  6  7  8  9 |
---------------+----------------------------+-----
Axes           | 2 3 4 5 7 9 |  9.2
Shields        | 4 5 7 |  7.4
Fighting       | 4 5 6 |  6.7
Armour         | 4 5 6 |  6.6
Dodging        | 1 2 3 |  3.0
Stealth        | 1 |  1.0

Action                   |  1- 3 |  4- 6 |  7- 9 | 10-12 || total
-------------------------+-------+-------+-------+-------++-------
Melee: War axe           |   147 |   126 |   381 |    60 ||   714
  Use: Potion            |       |       |     1 |       ||     1
  Eat: Chunk             |     2 |     5 |    13 |     1 ||    21
Armor: Scale mail        |    69 |    79 |   220 |    14 ||   382
Dodge: Dodged            |    46 |    49 |   151 |     9 ||   255
Block: Shield            |    87 |    56 |   244 |    27 ||   414
